 Dungeon Crawl Stone Soup version 0.31-a0-771-g505c3d19dc (console) character file.

Game seed: 2232220224938187060

1770395 questionabletactics the Skinwalker (level 27, 275/275 HPs)
             Began as an Octopode Shapeshifter on Sept 16, 2023.
             Was an Initiate of Gozag.
             Escaped with the Orb
             ... and 3 runes on Sept 17, 2023!
             The game lasted 03:08:12 (62502 turns).

questionabletactics the Skinwalker (OpSh)          Turns: 62502, Time: 03:08:13

Health: 275/275    AC: 40    Str: 27    XL:     27
Magic:  32/32      EV: 48    Int: 14    God:    Gozag
Gold:   7561       SH: 22    Dex: 37    Spells: 26/26 levels left

rFire   + .          .
                       - Unarmed
rCold   + + .        c - +5 kite shield {rC+}
rNeg    + + +        B - +2 hat {SInv}
rPois   ∞            F - amulet of the Four Winds {rN+ Will+++ Clar}
rElec   +            G - ring of Ishoereu {rElec rN+ Dex+5}
rCorr   .            y - +6 ring of dexterity
SInv    +            Q - ring of protection from fire
Will    +++++        i - ring "Umih" {rPois rC+ MP+9 Dex+4}
Stlth   ++           J - +6 ring of strength
HPRegen 0.65/turn    L - +6 ring of strength
MPRegen 0.23/turn    P - ring of see invisible
                     Y - +5 ring of evasion

%: clarity
@: statue-form, studying Ranged Weapons, very slow
A: slow and powerful, torment resistance 1, boosted hp, almost no armour,
amphibious, 8 rings, camouflage 1, (gelatinous body 1), (nimble swimmer 1),
tentacles
0: Orb of Zot
}: 3/15 runes: decaying, serpentine, silver
a: Begin Untransformation, Renounce Religion, Potion Petition, Call Merchant,
Bribe Branch


You escaped.
You worshipped Gozag.
Gozag was greatly pleased with you.
You were a living statue of rough stone.
You visited 11 branches of the dungeon, and saw 51 of its levels.
You visited the Abyss 1 time.
You also visited: Bailey and Wizlab.

You collected 32569 gold pieces.
You spent 4868 gold pieces at shops.
You paid 20140 gold pieces to Gozag.

Inventory:

Missiles
 t - a throwing net
Armour
 c - a +5 kite shield of cold resistance (worn)
 B - a +2 hat of see invisible (worn)
Jewellery
 g - a +5 ring of evasion
 i - the ring "Umih" (on tentacle) {rPois rC+ MP+9 Dex+4}
   (You took it off a deep elf high priest on level 3 of the Elven Halls)

   [ring of magical power]

   Dex+4:     It affects your dexterity (+4).
   rC+:       It protects you from cold.
   rPois:     It protects you from poison MP+9: It affects your magic capacity
   (+9).
 l - an amulet of regeneration
 o - the ring "Exu Uroh" {rElec rN+++ MP+9 Str-3 Int+6}
   (You took it off a deep elf demonologist on level 3 of the Elven Halls)

   [ring of intelligence]

   Str-3:     It affects your strength (-3).
   Int+6:     It affects your intelligence (+6).
   rElec:     It insulates you from electricity.
   rN+++:     It renders you almost immune to negative energy.
   MP+9:      It affects your magic capacity (+9).
 y - a +6 ring of dexterity (right tentacle)
 F - the amulet of the Four Winds (around mantle) {rN+ Will+++ Clar}
   (You bought it in a shop on level 4 of the Depths)

   [amulet of nothing]

   rN+:       It protects you from negative energy.
   Will+++:   It greatly increases your willpower.
   Clar:      It protects you from confusion, rage, mesmerisation and fear.
 G - the ring of Ishoereu (left tentacle) {rElec rN+ Dex+5}
   (You bought it in a shop on level 12 of the Dungeon)

   [ring of positive energy]

   Dex+5:     It affects your dexterity (+5).
   rElec:     It insulates you from electricity.
   rN+:       It protects you from negative energy.
 J - a +6 ring of strength (on tentacle)
 K - a ring of protection from cold
 L - a +6 ring of strength (on tentacle)
 O - the ring "Ynyel Rig" {rC+ rN+ Str+2 Int+3}
   (You took it off Boris on level 3 of the Crypt)

   [ring of positive energy]

   Str+2:     It affects your strength (+2).
   Int+3:     It affects your intelligence (+3).
   rC+:       It protects you from cold.
   rN+:       It protects you from negative energy.
 P - a ring of see invisible (on tentacle)
 Q - a ring of protection from fire (on tentacle)
 S - the ring of Zoetetac {Fly rN+ Int+5}
   (You found it on level 3 of the Crypt)

   [ring of positive energy]

   Int+5:     It affects your intelligence (+5).
   rN+:       It protects you from negative energy.
   Fly:       It grants you flight.
 V - a ring of protection from fire
 Y - a +5 ring of evasion (on tentacle)
Talismans
 w - a dragon-blood talisman
 W - a granite talisman (active)
Wands
 b - a wand of charming (24)
 f - a wand of quicksilver (27)
 u - a wand of digging (11)
 v - a wand of polymorph (9)
 D - a wand of mindburst (18)
 H - a wand of roots (56)
 T - a wand of flame (70)
Scrolls
 e - 5 scrolls of fog
 j - 3 scrolls of summoning
 k - 15 scrolls of teleportation
 m - 3 scrolls of fear
 n - 9 scrolls of vulnerability
 r - 8 scrolls of blinking
 x - 34 scrolls of identify
 A - 7 scrolls of revelation
 R - 2 scrolls of enchant armour
 Z - 3 scrolls of silence
Potions
 a - 8 potions of haste
 d - 22 potions of curing
 p - 15 potions of heal wounds
 q - 7 potions of cancellation
 s - 4 potions of enlightenment
 z - 18 potions of might
 C - 8 potions of resistance
 E - a potion of invisibility
 I - 2 potions of magic
 N - 7 potions of ambrosia
 X - 7 potions of mutation


   Skills:
 + Level 23.6 Fighting
 - Level 22.2 Dodging
 - Level 7.7 Stealth
 - Level 13.0 Shields
 + Level 23.3 Unarmed Combat
 - Level 4.6 Evocations
 - Level 25.0 Shapeshifting


You had 26 spell levels left.
You didn't know any spells.
Your spell library contained the following spells:

 Spells                   Type           Power      Damage    Failure   Level
 Apportation              Tloc           0%         N/A       41%         1
 Foxfire                  Conj/Fire      0%         2x1d4     41%         1
 Freeze                   Ice            0%         1d3       41%         1
 Magic Dart               Conj           0%         1d3       41%         1
 Necrotise                Necr           0%         1d4       41%         1
 Sandblast                Erth           0%         2d4       41%         1
 Shock                    Conj/Air       0%         1d3       41%         1
 Slow                     Hex            0%         N/A       41%         1
 Sting                    Tmut/Pois      0%         1d3       41%         1
 Summon Small Mammal      Summ           0%         N/A       41%         1
 Blink                    Tloc           0%         N/A       54%         2
 Cigotuvi's Dreadful Rot  Necr/Pois/Air  0%         N/A       54%         2
 Ensorcelled Hibernation  Hex/Ice        0%         N/A       54%         2
 Lesser Beckoning         Tloc           0%         N/A       54%         2
 Momentum Strike          Conj/Tloc      0%         3d8       54%         2
 Passwall                 Tmut/Erth      0%         N/A       54%         2
 Poisonous Vapours        Pois/Air       0%         N/A       54%         2
 Scorch                   Fire           0%         2d5       54%         2
 Searing Ray              Conj           0%         2d4       54%         2
 Call Canine Familiar     Summ           0%         N/A       78%         3
 Confusing Touch          Hex            0%         N/A       78%         3
 Dazzling Flash           Conj/Hex       0%         N/A       78%         3
 Frozen Ramparts          Ice            0%         1d1       78%         3
 Gell's Gravitas          Tloc           0%         N/A       78%         3
 Hailstorm                Conj/Ice       0%         3d3       78%         3
 Ignite Poison            Fire/Tmut/Pois 0%         N/A       78%         3
 Mephitic Cloud           Conj/Pois/Air  0%         N/A       78%         3
 Ozocubu's Armour         Ice            0%         N/A       78%         3
 Sigil of Binding         Hex            0%         N/A       78%         3
 Stone Arrow              Conj/Erth      0%         3d7       78%         3
 Summon Guardian Golem    Hex/Summ       0%         N/A       78%         3
 Swiftness                Air            0%         N/A       78%         3
 Teleport Other           Tloc           0%         N/A       78%         3
 Vampiric Draining        Necr           0%         2d6       78%         3
 Volatile Blastmotes      Fire/Tloc      0%         2d10      78%         3
 Airstrike                Air            0%         2d(0-16)  99%         4
 Brom's Barrelling Bould  Conj/Erth      0%         2d3       99%         4
 Cause Fear               Hex            0%         N/A       99%         4
 Dimensional Bullseye     Hex/Tloc       0%         N/A       99%         4
 Dispel Undead            Necr           0%         3d6       99%         4
 Fulminant Prism          Conj/Hex       0%         3d5       99%         4
 Leda's Liquefaction      Hex/Erth       0%         N/A       99%         4
 Olgreb's Toxic Radiance  Pois           0%         N/A       99%         4
 Petrify                  Tmut/Erth      0%         N/A       99%         4
 Summon Ice Beast         Ice/Summ       0%         N/A       99%         4
 Vhi's Electric Charge    Tloc/Air       0%         N/A       99%         4
 Agony                    Necr           0%         N/A       100%        5
 Alistair's Intoxication  Tmut/Pois      0%         N/A       100%        5
 Arcjolt                  Conj/Air       0%         1d10      100%        5
 Fireball                 Conj/Fire      0%         3d3       100%        5
 Freezing Cloud           Conj/Ice/Air   0%         6-21      100%        5
 Iskenderun's Battlesphe  Conj           0%         2d6       100%        5
 Lee's Rapid Deconstruct  Erth           0%         3d4*      100%        5
 Metabolic Englaciation   Hex/Ice        0%         N/A       100%        5
 Silence                  Hex/Air        0%         N/A       100%        5
 Summon Forest            Summ/Tloc      0%         N/A       100%        5
 Summon Mana Viper        Hex/Summ       0%         N/A       100%        5
 Conjure Ball Lightning   Conj/Air       0%         3x3d6     100%        6
 Death Channel            Necr           0%         N/A       100%        6
 Dispersal                Tloc           0%         N/A       100%        6
 Eringya's Noxious Bog    Tmut/Pois      0%         4d6       100%        6
 Leda's Unmaking          Conj/Erth      0%         9d1       100%        6
 Plasma Beam              Fire/Air       0%         2x1d10    100%        6
 Starburst                Conj/Fire      0%         6d3       100%        6
 Summon Cactus Giant      Summ           0%         N/A       100%        6
 Haunt                    Necr/Summ      0%         N/A       100%        7
 Malign Gateway           Summ/Tloc      0%         N/A       100%        7
 Monstrous Menagerie      Summ           0%         N/A       100%        7
 Orb of Destruction       Conj           0%         9d5       100%        7
 Ozocubu's Refrigeration  Ice            0%         4d7       100%        7
 Spellforged Servitor     Conj/Summ      0%         N/A       100%        7
 Infestation              Necr           0%         N/A       100%        8
 Lehudib's Crystal Spear  Conj/Erth      0%         10d2      100%        8
 Maxwell's Capacitive Co  Air            0%         ∞         100%        8
 Summon Horrible Things   Summ           0%         N/A       100%        8
 Chain Lightning          Conj/Air       0%         N/A       100%        9
 Dragon's Call            Summ           0%         N/A       100%        9
 Fire Storm               Conj/Fire      0%         5d1       100%        9
 Shatter                  Erth           0%         3d5*      100%        9
 Animate Armour           Summ/Erth      Unusable   N/A       N/A         4
 Animate Dead             Necr           Unusable   N/A       N/A         4
 Simulacrum               Ice/Necr       Unusable   N/A       N/A         6

Dungeon Overview and Level Annotations

Branches:
Dungeon (15/15)            Temple (1/1) D:7            Lair (5/5) D:9
  Swamp (4/4) Lair:2        Snake (4/4) Lair:3        Slime (0/5) Lair:4
    Orc (2/2) D:12            Elf (3/3) Orc:2        Vaults (5/5) D:13
  Crypt (3/3) Vaults:3       Tomb (0/3) Crypt:3      Depths (4/4) D:15
    Zot (5/5) Depths:4     Bailey (visited)          WizLab (visited)

Altars:
Ashenzari
Cheibriados
Dithmenos
Elyvilon
Fedhas
Gozag
Hepliaklqana
Kikubaaqudgha
Makhleb
Nemelex Xobeh
Okawaru
Qazlal
Ru
Sif Muna
Trog
Uskayaw
Vehumet
Wu Jian
Xom
Yredelemnul
Zin
The Shining One

Shops:
D:4 :   D:8 (   D:12 =   D:15 *   Orc:2 :**[[   Elf:3 ((?=   Lair:4 =*
Snake:1 [   Snake:2 *   Snake:4 (:   Vaults:1 =   Vaults:3 :   Vaults:4 **([
Depths:1 *   Depths:2 (   Depths:3 ?   Depths:4 =:

Portals:
Hell: Depths:1 Depths:2 Depths:3 Depths:4
Abyss: Vaults:1 Depths:1 Depths:3
Pandemonium: Depths:2 Depths:4
Ziggurat: Depths:1
Trove: Vaults:1 (give 7 scrolls of fog)

Annotations:
D:5 Boris
D:13 3 runed translucent doors, Aneyh's ghost, journeyman TeSu; Savior361's ghost, journeyman DsSh
Lair:2 exclusion: 4 oklob plants
Elf:2 3 runed translucent doors
Vaults:1 2 transporters, Naox's ghost, adept KoAr
Vaults:2 2 runed translucent doors, Luiw's ghost, veteran HOBe
Vaults:3 Mennas


Innate Abilities, Weirdness & Mutations

You are a living statue of rough stone.
Your actions are slow, but your melee attacks are powerful.
You are resistant to unholy torment.
Your maximum health is greatly increased.
You cannot wear most types of armour.
You are amphibious.
You can wear up to eight rings at the same time.
You are immune to poison.
Your skin changes colour to match your surroundings (Stealth+).
((Your rubbery body absorbs attacks. (AC +1, EV +1)))
((You are camouflaged when in or above water. (Stealth+)))
You have tentacles for arms and can constrict up to eight enemies at once.


Message History

The sphere of damnation explodes!
The damnation engulfs you!!
The damnation engulfs the Brimstone Fiend.
The Brimstone Fiend completely resists.
You batter the Brimstone Fiend!!
You squeeze the Brimstone Fiend, but do no damage.
The Brimstone Fiend is moderately wounded.
You block the Brimstone Fiend's attack. x3
You thrash the Brimstone Fiend!!!
You tentacle-slap the Brimstone Fiend, but do no damage.
You squeeze the Brimstone Fiend.
The Brimstone Fiend is severely wounded.
You completely miss the Brimstone Fiend.
The Brimstone Fiend is severely wounded.
You block the Brimstone Fiend's attack.
The Brimstone Fiend completely misses you.
The Brimstone Fiend misses you.
You thrash the Brimstone Fiend!!!
You kill the Brimstone Fiend!
You now have 7561 gold pieces (gained 18).
A chaos spawn comes into view.
You thrash the chaos spawn!!!
You kill the chaos spawn!
The chaos spawn degenerates into a cloud of primal chaos!
Really walk into that cloud of seething chaos?
Okay, then.
There is a stone staircase leading up here.
You climb upwards.
There is a stone staircase leading down here.
HP restored.
There is a stone staircase leading up here.
You climb upwards.
There is a stone staircase leading down here.
Aiming: Dig
Press: ? - help, Shift-Dir - straight line, f - you Please select a direction to dig.
A stone staircase leading down.
This square is covered in magical glow.
The rock shatters into small pieces.
There is a stone staircase leading down here.
There is a staircase leading out of the dungeon here.
You have escaped!

##.###......# #...##......#
##.####..##.# #.# #[.....#
#.# #......# #.# #.#.####
#.# #......# #.#
#......################ #.#
###...8##.##........... #.#
#......###.#.###.###.#.
#.###.)....# ##..###.# #.#.
#.#.###.##.# ##.....# #.#.
#..##......# ##..##### #.#.
#>###......###.#.#######.#.
#.# #.#.#.###.##.........#.
##.#
#......##.##.######....
#..#
#......##.##..........)


There were no monsters in sight!

Vanquished Creatures
  4 dread liches
  A juggernaut (Depths:4)
  Boris (4 times) (Vaults:2 Vaults:3 Depths:3 Crypt:3)
  Josephina (Zot:1)
  Xtahua (Crypt:3)
  A Killer Klown (Zot:5)
  Parghit (Depths:4)
  Bai Suzhen (Snake:4)
  Frederick (Vaults:4)
  the Lernaean hydra (Swamp:4)
  3 curse toes
  Margery (Crypt:1)
  19 golden dragons
  A profane servitor (D:3)
  Nikola (Vaults:1)
  Jory (Crypt:1)
  2 bone dragons (Crypt:3)
  2 Brimstone Fiends
  2 electric golems
  A walking crystal tome (Depths:3)
  Zenata (Crypt:1)
  18 tentacled monstrosities
  2 deep elf blademasters (Elf:3)
  2 Ice Fiends
  5 Orb Guardians
  2 pandemonium lords (D:7)
  5 liches
  4 deep elf master archers (Elf:3)
  2 walking frostbound tomes
  5 sphinxes
  5 quicksilver dragons
  8 death cobs
  A tentacled starspawn (Abyss:2)
  5 titans
  A kraken (Swamp:2)
  7 ancient champions
  Aizul (Snake:4)
  5 tengu reavers
  22 storm dragons
  8 shadow dragons
  11 draconian monks
  2 revenants
  8 nagarajas
  13 fire giants
  5 draconian knights
  12 vault wardens
  4 deep elf sorcerers (Elf:3)
  6 frost giants
  A balrug (Depths:3)
  Louise (Elf:3)
  5 draconian scorchers
  5 ghost moths
  2 iron dragons
  3 deep elf elementalists (Elf:3)
  A caustic shrike zombie (Depths:2)
  2 curse skulls
  2 draconian stormcallers
  11 ironbound preservers
  2 draconian shifters
  2 orc warlords
  A ghoul (Abyss:2)
  2 spriggan defenders
  2 war gargoyles (WizLab)
  6 draconian annihilators
  A quicksilver ooze (shapeshifter) (Vaults:5)
  The ghost of kairosrom117 the Arsonist, a journeyman DrFE of Vehumet (Lair:5)
  A formless jellyfish (Vaults:2)
  A rockslime zombie (Crypt:2)
  24 very ugly things
  A reaper (Lair:2)
  11 green draconians
  11 ironbound thunderhulks
  2 vampire knights
  An eleionoma (Swamp:4)
  9 dire elephants
  14 deep elf annihilators
  15 stone giants
  13 white draconians
  7 deep elf demonologists (Elf:3)
  15 purple draconians
  The ghost of Palms the Stickfighter, a journeyman MiGl of Trog (Lair:1)
  10 black draconians
  12 yellow draconians
  10 red draconians
  8 bunyips
  4 crystal guardians
  6 eidola
  A merfolk javelineer (Depths:1)
  9 fire dragons
  A shambling mangrove (Swamp:3)
  9 deep elf death magi
  14 jiangshi
  6 deep elf high priests
  13 ettins
  4 entropy weavers
  18 yaktaur captains
  A spriggan zombie (Crypt:1)
  30 vault guards
  9 great orbs of eyes
  3 salamander tyrants
  9 peacekeepers
  3 rakshasas
  19 hydras
  2 ogre magi
  7 spriggan air magi
  7 ice dragons
  11 anacondas
  6 ironbound frosthearts
  A caustic shrike simulacrum (Depths:2)
  A juggernaut simulacrum (Depths:2)
  Erica (Lair:1)
  3 spriggan skeletons (Crypt:3)
  7 alligators
  15 naga warriors
  2 boulder beetles
  12 dancing weapons
  13 two-headed ogres
  9 centaur warriors
  5 deep troll shamans
  3 deep troll earth magi
  6 tengu warriors
  7 vampire magi
  13 death yaks
  2 quicksilver ooze zombies (Crypt:2)
  5 death knights
  A demonic crawler (Abyss:2)
  11 hell knights
  5 orc high priests
  6 shock serpents
  12 naga sharpshooters
  Nergalle (Lair:3)
  2 thrashing horrors (Abyss:2)
  5 spriggan berserkers
  A fire crab (shapeshifter) (Elf:1)
  A sun demon (Depths:3)
  16 deep elf knights
  An iron troll (Depths:3)
  A storm dragon skeleton (Abyss:2)
  2 salamander mystics
  A skyshark (Lair:5)
  59 skeletal warriors
  A bunyip zombie (Crypt:2)
  A wretched star (Abyss:2)
  3 goliath frogs (Swamp:1)
  5 flayed ghosts
  2 glowing orange brains (Depths:2)
  Lodul (D:14)
  35 deep trolls
  A shadow wraith (Crypt:3)
  4 spriggan druids
  8 sea snakes (Snake:4)
  17 deep elf archers
  10 swamp dragons
  9 wizards
  13 orc knights
  3 bog bodies (Swamp:2)
  15 ironbound convokers
  38 deep elf zephyrmancers
  An iron giant skeleton (Crypt:3)
  2 steelbarb worms (shapeshifter)
  14 phantasmal warriors
  An anaconda skeleton (Abyss:2)
  A lindwurm (Vaults:1)
  7 naga ritualists
  6 necromancers
  A frost giant zombie (Crypt:2)
  2 golden dragon skeletons
  A bunyip skeleton (Crypt:1)
  2 orc sorcerers
  40 ugly things
  35 deep elf pyromancers
  An oklob plant (Lair:1)
  A tengu skeleton (Depths:2)
  7 manticores
  A draconian zombie (Crypt:1)
  13 mana vipers
  2 cyclopes
  The ghost of dialectric the Unseen, a novice SpBr of Dithmenos (D:12)
  2 will-o-the-wisps
  A worldbinder (Abyss:2)
  A shadow dragon skeleton (Crypt:3)
  A stone giant zombie (Vaults:3)
  22 moths of wrath
  2 centaur zombies (D:10)
  14 salamanders
  A manticore (shapeshifter) (Vaults:4)
  3 stone giant skeletons
  46 black mambas
  7 elephants
  26 vault sentinels
  A draconian skeleton (Crypt:3)
  8 guardian serpents
  A rust devil (Zot:4)
  A black mamba (shapeshifter) (Vaults:4)
  A water nymph (Orc:2)
  An orange demon (D:7)
  3 smoke demons
  A water nymph (shapeshifter) (Depths:4)
  4 molten gargoyles (WizLab)
  A storm dragon simulacrum (Zot:1)
  14 naga magi
  24 cane toads
  2 centaur skeletons
  7 gargoyles
  An orc skeleton (Crypt:3)
  A minotaur zombie (Crypt:1)
  2 unseen horrors
  4 dire elephant skeletons (Crypt:3)
  2 elf skeletons
  An unseen horror zombie (D:10)
  An orb spider zombie (Crypt:1)
  43 yaktaurs
  A tormentor (D:10)
  An iron troll zombie (Crypt:3)
  13 komodo dragons
  3 efreet
  9 freezing wraiths
  An alligator snapping turtle skeleton (Crypt:3)
  A guardian mummy (Crypt:3)
  A kobold demonologist (D:9)
  2 ancient zymes (Abyss:2)
  2 tengu conjurers (D:15)
  5 meliai
  An ice devil (Depths:2)
  3 queen bees
  A troll (shapeshifter) (D:14)
  A bloated husk (Swamp:2)
  4 trolls
  2 polar bears
  2 unseen horror skeletons
  2 harpy skeletons (Crypt:3)
  9 tyrant leeches
  2 shadow dragon simulacra
  4 raiju (Abyss:2)
  A tarantella (Vaults:3)
  20 hornets
  2 hellwings
  Prince Ribbit (Bailey)
  A raiju (shapeshifter) (Elf:3)
  12 blink frogs
  A radroach zombie (Crypt:2)
  A boulder beetle zombie (Crypt:2)
  12 dream sheep (Lair:4)
  A culicivora zombie (Crypt:3)
  A jumping spider (shapeshifter) (Elf:1)
  13 flying skulls
  A jumping spider (Vaults:3)
  2 shadows
  A culicivora (Vaults:3)
  3 ettin skeletons (Crypt:3)
  3 air elementals
  4 spriggans
  31 slime creatures
  12 water elementals
  2 ynoxinuls
  A dire elephant simulacrum (Crypt:1)
  14 basilisks
  A slime creature zombie (Crypt:2)
  6 humans
  A black mamba skeleton (Crypt:3)
  13 wyverns
  12 wraiths
  5 fire elementals
  3 fire bats (Depths:3)
  38 yaks
  A purple draconian simulacrum (Zot:1)
  3 redbacks (Vaults:3)
  17 vampire mosquitoes
  7 chaos spawn
  2 neqoxecs
  A steam dragon (D:9)
  6 wargs
  Edmund (D:6)
  40 nagas
  12 swamp worms
  2 swamp worms (shapeshifter)
  22 water moccasins
  A deep troll zombie (Crypt:3)
  A naga skeleton (Crypt:1)
  3 floating eyes
  8 large abominations
  7 swamp drakes
  A moth of wrath simulacrum (Zot:1)
  A demonspawn skeleton (Crypt:2)
  2 black bears
  A sky beast (D:6)
  A two-headed ogre skeleton (Crypt:1)
  51 orc warriors
  A lindwurm zombie (Crypt:3)
  A spriggan simulacrum (Depths:2)
  17 wolves
  An elephant zombie (Crypt:1)
  A black bear (shapeshifter) (D:15)
  5 centaurs
  13 ogres
  A manticore skeleton (Crypt:1)
  A swamp dragon zombie (Crypt:1)
  A phantom (D:7)
  The ghost of Wurlitzer the Trooper, an amateur GrFi (D:3)
  4 kobold brigands (D:9)
  An elf zombie (Crypt:1)
  10 small abominations
  23 bullfrogs
  3 gnoll sergeants
  6 earth elementals
  2 scorpions
  3 necrophages (D:10)
  6 wights
  68 killer bees
  4 electric eels
  2 human zombies
  22 orc priests
  3 hounds
  A bullfrog skeleton (Crypt:2)
  15 jellies
  7 starcursed masses (Abyss:2)
  A gnoll bouda (D:6)
  31 orc wizards
  5 iguanas (D:5)
  A sleepcap (D:2)
  2 lightning spires (WizLab)
  4 hell rats (Lair:5)
  13 mummies
  2 howler monkey zombies (D:10)
  A howler monkey skeleton (Crypt:2)
  29 gnolls
  11 adders
  3 river rats (Lair:2)
  3 shadow imps
  4 white imps
  6 worms
  3 dart slugs (D:1)
  104 orcs
  8 bats
  25 endoplasms
  2 giant cockroaches
  15 goblins
  11 hobgoblins
  6 jackals
  3 quokkas
  A river rat zombie (Crypt:3)
  12 ball pythons
  2 frilled lizards
  23 kobolds
  An orc zombie (Crypt:3)
  12 rats
2459 creatures vanquished.

Vanquished Creatures (collateral kills)
  A dread lich (Zot:5)
  An ancient lich (Zot:5)
  A Killer Klown (Zot:5)
  Norris (Depths:1)
  An electric golem (Zot:5)
  17 Orb Guardians (Zot:5)
  A storm dragon (Zot:5)
  A demonspawn warmonger (Zot:5)
  A draconian scorcher (Zot:5)
  A draconian shifter (Zot:5)
  A draconian annihilator (Zot:5)
  A reaper (Zot:5)
  A demonspawn blood saint (Zot:5)
  A yellow draconian (Zot:5)
  A black draconian (Zot:5)
  A red draconian (Zot:5)
  A white draconian (Zot:5)
  An ettin (Depths:1)
  A blizzard demon (Zot:5)
  2 skysharks (Depths:1)
  An orc knight (Orc:2)
  4 ugly things (Depths:1)
  2 trolls (Orc:1)
  6 golden eyes (Zot:5)
  An ogre (Orc:1)
  An orc (Orc:2)
52 creatures vanquished.

Vanquished Creatures (others)
  A curse toe (Zot:5)
  5 Orb Guardians (Zot:5)
  2 draconian shifters (Zot:5)
  A draconian annihilator (Zot:5)
  A black draconian (Zot:5)
  A green draconian (Zot:5)
  A red draconian (Zot:5)
  A dire elephant (Vaults:1)
  2 yellow draconians (Zot:5)
  A purple draconian (Zot:5)
  A centaur warrior (D:13)
  A skeletal warrior (Crypt:3)
  A swamp dragon (Swamp:3)
  2 orc knights (Orc:2)
  An ice devil (Zot:5)
  2 bloated husks
  A slime creature (D:15)
  A naga (Snake:4)
  An orc priest (D:12)
  A swamp drake zombie (Crypt:3)
  2 orcs
  8 foxfires
  2 starspawn tentacles (Abyss:2)
  4 tentacles (Swamp:2)
44 creatures vanquished.

Grand Total: 2555 creatures vanquished

Notes
Turn   | Place    | Note
-------+----------+-------------------------------------------
     0 | D:1      | questionabletactics the Octopode Shapeshifter began the
                  | quest for the Orb.
     0 | D:1      | Reached XP level 1. HP: 13/13 MP: 1/1
    27 | D:1      | Reached skill level 1 in Stealth
    88 | D:1      | Reached XP level 2. HP: 16/18 MP: 2/2
   388 | D:1      | Reached XP level 3. HP: 23/23 MP: 3/3
  1049 | D:2      | Found a faded altar of an unknown god.
  1086 | D:2      | Reached XP level 4. HP: 28/28 MP: 4/4
  1569 | D:3      | Reached skill level 4 in Shapeshifting
  1569 | D:3      | Reached XP level 5. HP: 33/33 MP: 5/5
  1606 | D:3      | Found a large runed translucent door.
  1607 | D:3      | Found a large runed translucent door.
  1611 | D:3      | Noticed Wurlitzer's ghost (amateur GrFi)
  2490 | D:4      | Found Pyar's Self-Improvement Boutique.
  2711 | D:4      | Reached skill level 5 in Unarmed Combat
  2711 | D:4      | Reached XP level 6. HP: 30/38 MP: 6/6
  3127 | D:5      | Entered Level 5 of the Dungeon
  3474 | D:5      | Reached skill level 5 in Shapeshifting
  3940 | D:5      | Reached XP level 7. HP: 43/43 MP: 7/7
  4892 | D:5      | Reached skill level 6 in Shapeshifting
  5212 | D:5      | Reached XP level 8. HP: 43/48 MP: 8/8
  5959 | D:6      | Found a hide-covered altar of Uskayaw.
  6101 | D:6      | Reached skill level 7 in Shapeshifting
  6152 | D:6      | Noticed Edmund
  6215 | D:6      | Killed Edmund
  6973 | D:6      | Identified the +4 sling of the Glamorous God {freeze, rN+}
  7095 | D:7      | Found an opulent altar of Gozag.
  7116 | D:7      | Found a snail-covered altar of Cheibriados.
  7315 | D:7      | Found a sparkling altar of Nemelex Xobeh.
  7364 | D:7      | Became a worshipper of Gozag Ym Sagoz the Greedy
  7389 | D:7      | Identified the +6 falchion "Killer Bee's Death" {chaos,
                  | Fragile Str+2 Dex+3 SInv}
  7427 | D:7      | Reached XP level 9. HP: 54/54 MP: 9/9
  7743 | D:7      | Found a staircase to the Ecumenical Temple.
  7749 | Temple   | Entered the Ecumenical Temple
  8287 | D:8      | Reached skill level 5 in Dodging
  8563 | D:9      | Noticed a kobold demonologist
  8565 | D:9      | Noticed a sixfirhy
  8683 | D:9      | Found a flagged portal.
  8733 | Bailey   | Entered a bailey
  8749 | Bailey   | Reached skill level 5 in Fighting
  8788 | Bailey   | Reached XP level 10. HP: 68/68 MP: 10/10
  8848 | Bailey   | Noticed Prince Ribbit
  8855 | Bailey   | Killed Prince Ribbit
  8856 | Bailey   | Noticed a vault guard
  8893 | Bailey   | Killed a vault guard
  8996 | Bailey   | Noticed a vault guard
  9016 | Bailey   | Killed a vault guard
  9422 | D:9      | Killed a kobold demonologist
  9784 | D:9      | Found an ornate altar of the Wu Jian Council.
  9818 | D:9      | Found a sacrificial altar of Ru.
  9835 | D:9      | Identified the +1 ring mail of the Gate {rC- rCorr Str+2
                  | SInv}
 10126 | D:9      | Reached skill level 10 in Unarmed Combat
 10126 | D:9      | Reached skill level 1 in Evocations
 10303 | D:9      | Reached XP level 11. HP: 47/72 MP: 11/11
 10328 | D:9      | Found a staircase to the Lair.
 10663 | D:8      | Found Caggilyrr's Weapon Emporium.
 10696 | D:8      | Found a shimmering altar of Xom.
 10698 | D:8      | Found a shimmering altar of Xom.
 10698 | D:8      | Found a shimmering altar of Xom.
 10698 | D:8      | Found a shimmering altar of Xom.
 10699 | D:8      | Found a shimmering altar of Xom.
 10700 | D:8      | Found a shimmering altar of Xom.
 11092 | D:10     | Entered Level 10 of the Dungeon
 11189 | D:10     | Noticed a two-headed ogre
 11213 | D:10     | Killed a two-headed ogre
 11368 | D:10     | Noticed a two-headed ogre
 11392 | D:10     | Killed a two-headed ogre
 11467 | D:10     | Noticed a wizard
 11476 | D:10     | Noticed a deep elf zephyrmancer
 11484 | D:10     | Killed a deep elf zephyrmancer
 11648 | Lair:1   | Entered Level 1 of the Lair of Beasts
 11715 | Lair:1   | Reached skill level 10 in Dodging
 12134 | Lair:1   | Found a runed translucent door.
 12134 | Lair:1   | Noticed Palms's ghost (journeyman MiGl)
 12208 | Lair:1   | Noticed Erica
 12646 | Lair:1   | Noticed an oklob plant
 12811 | Lair:1   | Reached XP level 12. HP: 82/82 MP: 12/12
 13089 | Lair:2   | Found a staircase to the Swamp.
 13284 | Lair:2   | Noticed a seven-headed hydra
 13375 | Lair:2   | Identified the ring of Neorph {Ice SInv}
 13486 | Lair:2   | Found a runed translucent door.
 14171 | Lair:2   | Reached skill level 10 in Fighting
 14190 | Lair:2   | Reached skill level 8 in Shapeshifting
 14683 | Lair:3   | Reached XP level 13. HP: 71/94 MP: 13/13
 14769 | Lair:3   | Reached skill level 9 in Shapeshifting
 14871 | Lair:3   | Noticed Nergalle
 15197 | Lair:3   | Found a staircase to the Snake Pit.
 16113 | Lair:4   | Reached skill level 10 in Shapeshifting
 16471 | Lair:5   | Entered Level 5 of the Lair of Beasts
 16899 | Lair:4   | Found a staircase to the Slime Pits.
 17085 | Lair:4   | Reached skill level 11 in Shapeshifting
 17324 | Lair:4   | Reached XP level 14. HP: 90/102 MP: 14/14
 17496 | Lair:5   | Found a transporter.
 17499 | Lair:5   | Found a transporter.
 17500 | Lair:5   | Noticed kairosrom117's ghost (journeyman DrFE)
 18327 | Lair:5   | Reached skill level 12 in Shapeshifting
 18781 | Lair:5   | Identified the +10 plate armour of Suifeal {Int+3 Dex+2}
 18839 | Lair:4   | Bought a ring of poison resistance for 320 gold pieces
 18839 | Lair:4   | Bought a granite talisman for 1280 gold pieces
 19726 | D:11     | Found an ornate altar of the Wu Jian Council.
 20071 | D:11     | Reached skill level 13 in Shapeshifting
 21001 | D:12     | Noticed dialectric's ghost (novice SpBr)
 21002 | D:12     | Found a transporter.
 21004 | D:12     | Identified the +8 great mace of the Scavenger {pain, rC+
                  | Will+ MP+9}
 21298 | D:12     | Found a transporter.
 21330 | D:12     | Found a staircase to the Orcish Mines.
 21456 | D:13     | Reached XP level 15. HP: 107/108 MP: 15/15
 21590 | D:13     | Reached skill level 14 in Shapeshifting
 21594 | D:13     | Found a bloodstained altar of Trog.
 21721 | D:13     | Found a runed translucent gate.
 21721 | D:13     | Found a runed translucent gate.
 21721 | D:13     | Found a runed translucent gate.
 21723 | D:13     | Found an ancient bone altar of Kikubaaqudgha.
 21723 | D:13     | Noticed a lich
 21723 | D:13     | Noticed a lich
 21724 | D:13     | Noticed a lich
 21724 | D:13     | Noticed Aneyh's ghost (journeyman TeSu)
 21726 | D:13     | Noticed Savior361's ghost (journeyman DsSh)
 21904 | D:13     | Noticed Snorg
 21909 | D:13     | Snorg changed into Snorg the guardian serpent
 21909 | D:13     | Noticed Snorg
 21916 | D:13     | Killed Snorg the guardian serpent
 22178 | Orc:1    | Entered Level 1 of the Orcish Mines
 22200 | Orc:1    | Noticed an orc warlord
 22239 | Orc:2    | Entered Level 2 of the Orcish Mines
 22257 | Orc:2    | Killed an orc warlord
 22744 | Orc:2    | Found Dankef's Book Boutique.
 22907 | Orc:2    | Paralysed by an orc sorcerer for 3 turns
 23014 | Orc:2    | Reached skill level 15 in Shapeshifting
 23113 | Orc:2    | Found Boxix's Armour Boutique.
 23113 | Orc:2    | Found Dogaisoe's Antique Armour Emporium.
 23302 | Orc:2    | Found Maviatt's Assorted Antiques.
 23302 | Orc:2    | Found Rehyfaj's Assorted Antiques.
 23524 | Orc:2    | Bought a potion of heal wounds for 145 gold pieces
 23524 | Orc:2    | Bought a scroll of teleportation for 87 gold pieces
 23533 | Orc:2    | Bought a scroll of revelation for 150 gold pieces
 23548 | Orc:2    | Found a staircase to the Elven Halls.
 23853 | D:12     | Bought the ring of Ishoereu {rElec rN+ Dex+5} for 534 gold
                  | pieces
 24017 | D:13     | Found a gate to the Vaults.
 24622 | D:3      | Killed Wurlitzer's ghost
 24974 | D:14     | Noticed Lodul
 24981 | D:14     | Killed Lodul
 25105 | D:14     | Reached skill level 16 in Shapeshifting
 25325 | D:14     | Reached skill level 1 in Shields
 25614 | D:15     | Entered Level 15 of the Dungeon
 25883 | D:15     | Reached skill level 5 in Shields
 25904 | D:15     | Reached XP level 16. HP: 114/114 MP: 16/16
 26160 | D:15     | Found a shimmering blue altar of Sif Muna.
 26336 | D:15     | Found a staircase to the Depths.
 26664 | D:15     | Bought a potion of heal wounds for 90 gold pieces
 26664 | D:15     | Bought a potion of curing for 54 gold pieces
 26949 | Snake:1  | Entered Level 1 of the Snake Pit
 27000 | Snake:1  | Found a basalt altar of Yredelemnul.
 27188 | Snake:1  | Found Zuozuh's Armour Shoppe.
 27273 | Snake:1  | Reached skill level 10 in Shields
 28091 | Snake:3  | Reached XP level 17. HP: 119/119 MP: 17/17
 28460 | Snake:4  | Entered Level 4 of the Snake Pit
 28542 | Snake:4  | Found Asowouqu's Weapon Shop.
 28687 | Snake:4  | Noticed Aizul
 28700 | Snake:4  | Killed Aizul
 28775 | Snake:4  | Found Kaikhe's Tremendous Tomes.
 28846 | Snake:4  | Noticed Bai Suzhen
 29048 | Snake:4  | Killed Bai Suzhen
 29660 | Snake:4  | Reached skill level 15 in Unarmed Combat
 29784 | Snake:4  | Reached skill level 17 in Shapeshifting
 29903 | Snake:4  | Got a serpentine rune of Zot
 30333 | Snake:2  | Reached XP level 18. HP: 126/126 MP: 18/18
 30351 | Snake:2  | Identified the +5 ring mail of Deoph {Will+ Dex+2}
 31315 | Snake:2  | Bought a silver wand for 96 gold pieces
 31560 | Lair:1   | Killed Erica
 31634 | Lair:1   | Killed Palms's ghost
 32044 | Lair:3   | Killed Nergalle
 32470 | Lair:5   | Killed kairosrom117's ghost
 32811 | D:10     | Got glossy
 32827 | D:10     | Got shiny
 32839 | D:10     | Got vibrant
 33026 | D:10     | Found an ancient bone altar of Kikubaaqudgha.
 33051 | D:10     | Reached skill level 18 in Shapeshifting
 33285 | D:12     | Killed dialectric's ghost
 33575 | Swamp:1  | Entered Level 1 of the Swamp
 33962 | Swamp:1  | Identified the +2 ring mail of Cistruh {+Inv Stlth+}
 34748 | Swamp:3  | Found a sparkling altar of Nemelex Xobeh.
 34988 | Swamp:4  | Entered Level 4 of the Swamp
 35213 | Swamp:4  | Reached XP level 19. HP: 131/131 MP: 19/19
 35317 | Swamp:4  | Noticed the 27-headed Lernaean hydra
 35387 | Swamp:4  | Reached skill level 19 in Shapeshifting
 35401 | Swamp:4  | Killed the 27-headed Lernaean hydra
 35479 | Swamp:4  | Got a decaying rune of Zot
 35929 | Vaults:1 | Entered Level 1 of the Vaults
 36077 | Abyss:2  | Found a corrupted altar of Lugonu.
 36077 | Abyss:2  | Cast into level 2 of the Abyss (a wizard)
 36359 | Abyss:2  | Noticed a bone dragon
 36509 | Vaults:1 | Escaped the Abyss
 36862 | Vaults:1 | Reached skill level 5 in Stealth
 36992 | Vaults:1 | Found a transporter.
 37053 | Vaults:1 | Found a transporter.
 37054 | Vaults:1 | Found a one-way gate to the infinite horrors of the Abyss.
 37054 | Vaults:1 | Noticed Naox's ghost (adept KoAr)
 37238 | Vaults:1 | Found a portal to a secret trove of treasure.
 37334 | Vaults:1 | Noticed Nikola
 37343 | Vaults:1 | Killed Nikola
 37374 | Vaults:1 | Identified the +0 robe "Cail" {rPois}
 37933 | Vaults:2 | Reached skill level 20 in Shapeshifting
 38060 | Vaults:2 | Found a large runed translucent door.
 38060 | Vaults:2 | Found a large runed translucent door.
 38061 | Vaults:2 | Noticed Luiw's ghost (veteran HOBe)
 38236 | Vaults:2 | Noticed Boris
 38241 | Vaults:2 | Killed Boris
 38242 | Vaults:2 | Reached XP level 20. HP: 140/140 MP: 20/20
 39378 | Vaults:3 | Noticed Boris
 39393 | Vaults:3 | Killed Boris
 39598 | Vaults:3 | Identified the +0 tower shield of Inaction {rPois}
 39598 | Vaults:3 | Noticed Mennas
 40147 | Vaults:3 | Paralysed by a sphinx for 5 turns
 40420 | Vaults:3 | You fall into a shaft and drop 1 floor!
 40420 | Vaults:4 | Found Duilemm's Antique Weapon Shop.
 40693 | Vaults:3 | Found a staircase to the Crypt.
 40800 | Vaults:3 | Reached skill level 15 in Fighting
 40806 | Vaults:3 | Reached skill level 21 in Shapeshifting
 40813 | Vaults:3 | Found Noutusyw's Book Shop.
 41261 | Vaults:4 | Found Nuhiugh's Armour Shop.
 41402 | Vaults:4 | Reached XP level 21. HP: 153/153 MP: 21/21
 41475 | Vaults:4 | Noticed Frederick
 41483 | Vaults:4 | Killed Frederick
 41884 | Vaults:4 | Bought a scroll of fog for 152 gold pieces
 41884 | Vaults:4 | Bought a potion of curing for 114 gold pieces
 41886 | Vaults:4 | Bought a scroll of teleportation for 114 gold pieces
 42040 | Elf:1    | Entered Level 1 of the Elven Halls
 42822 | Elf:2    | Found a radiant altar of Vehumet.
 43268 | Elf:2    | Reached skill level 22 in Shapeshifting
 43298 | Elf:2    | Found a runed translucent gate.
 43298 | Elf:2    | Found a runed translucent gate.
 43298 | Elf:2    | Found a runed translucent gate.
 43665 | Elf:3    | Entered Level 3 of the Elven Halls
 43665 | Elf:3    | Found Abint's Jewellery Shoppe.
 43669 | Elf:3    | Paralysed by an air elemental for 1 turns
 43764 | Elf:3    | Bought a ring of protection from fire for 425 gold pieces
 43928 | Elf:3    | Found Oble Sixt's Weapon Emporium.
 43974 | Elf:3    | Found Iwkoyn's Antique Weapon Boutique.
 44086 | Elf:3    | Noticed Louise
 44102 | Elf:3    | Killed Louise
 44164 | Elf:3    | Paralysed by an air elemental for 1 turns
 44478 | Elf:3    | Reached XP level 22. HP: 164/164 MP: 22/22
 44547 | Elf:3    | Identified the +8 dagger "Hakocat" {heavy, rN+}
 44560 | Elf:3    | Identified the +11 battleaxe of Painful Death {elec, rF-
                  | rC+ rCorr Dex+2}
 44560 | Elf:3    | Identified the ring "Exu Uroh" {rElec rN+++ MP+9 Str-3
                  | Int+6}
 44564 | Elf:3    | Identified the +6 hand axe "Suewnum" {freeze, rElec SInv
                  | Stlth-}
 44582 | Elf:3    | Identified the +3 chain mail of the Zebrataur {Str+3
                  | Slay+4}
 44678 | Elf:3    | Identified the ring "Umih" {rPois rC+ MP+9 Dex+4}
 45200 | Elf:3    | Got grimy
 45221 | Elf:3    | Identified the +3 dagger of Wurchih {freeze, rPois Str+3}
 45241 | Elf:3    | Identified the staff "Turu" {rCorr Stlth- Conj Poison}
 45251 | Elf:3    | Got a glossy
 45276 | Elf:3    | Identified the staff of Somewhere Else {rPois Dex+6 Stlth+
                  | Poison}
 45278 | Elf:3    | Identified the +3 shortbow "Vuck" {antimagic, rN+ Will-
                  | Str+3}
 45508 | Elf:3    | Found Surr's Magic Scroll Emporium.
 45511 | Elf:3    | Bought a scroll of teleportation for 54 gold pieces
 45511 | Elf:3    | Bought a scroll of teleportation for 54 gold pieces
 45704 | Depths:1 | Entered Level 1 of the Depths
 45712 | Depths:1 | Noticed Norris
 45724 | Depths:1 | Killed Norris
 45733 | Depths:1 | Reached skill level 23 in Shapeshifting
 45759 | Depths:1 | Reached skill level 15 in Dodging
 45766 | Depths:1 | Found a gateway to Hell.
 45788 | Depths:1 | You fall into a shaft and drop 1 floor!
 45815 | Depths:1 | Found Zin's Purification Station.
 45822 | Depths:1 | Found a one-way gateway to a ziggurat.
 45826 | Depths:1 | Identified the +0 ring mail of Duty {Dex+3}
 45872 | Depths:1 | Found a magical portal.
 45875 | WizLab   | Entered Maxwell's Workshop
 46135 | WizLab   | Identified the ring of Tomorrow {Ice Str+2 Dex+2}
 46174 | WizLab   | Identified the +3 quarterstaff "Vakest" {speed, rF+}
 46789 | Depths:1 | Found a glowing silver altar of Zin.
 47352 | Depths:2 | Found a one-way gate leading to the halls of Pandemonium.
 47524 | Depths:2 | Reached XP level 23. HP: 171/171 MP: 23/23
 47629 | Depths:2 | Found Ihuqi's Antique Weapon Shop.
 48216 | Depths:3 | Found Ruorik's Magic Scroll Shop.
 48225 | Depths:3 | Noticed a golden dragon
 48231 | Depths:3 | Killed a golden dragon
 48263 | Depths:3 | Bought a scroll of blinking for 120 gold pieces
 48263 | Depths:3 | Bought a scroll of teleportation for 48 gold pieces
 48339 | Depths:3 | Noticed a golden dragon
 48401 | Depths:3 | Reached skill level 24 in Shapeshifting
 48401 | Depths:3 | Paralysed by a floating eye for 2 turns
 48407 | Depths:3 | Identified the +8 lajatang of Impatience {flame, rF- Will+
                  | Int+2 Stlth+}
 48407 | Depths:3 | Noticed Boris
 48423 | Depths:3 | Killed Boris
 48467 | Depths:3 | Killed a golden dragon
 48909 | Depths:3 | Noticed a dread lich
 48918 | Depths:3 | Killed a dread lich
 49047 | Depths:4 | Entered Level 4 of the Depths
 49423 | Depths:4 | Noticed a golden dragon
 49432 | Depths:4 | Killed a golden dragon
 49443 | Depths:4 | Noticed Parghit
 49482 | Depths:4 | Noticed a golden dragon
 49485 | Depths:4 | Found a gate to the Realm of Zot.
 49485 | Depths:4 | Noticed a golden dragon
 49492 | Depths:4 | Killed a golden dragon
 49494 | Depths:4 | Killed a golden dragon
 49528 | Depths:4 | Killed Parghit
 49631 | Depths:4 | Noticed a juggernaut
 49641 | Depths:4 | Killed a juggernaut
 49668 | Depths:4 | Reached XP level 24. HP: 178/178 MP: 23/23
 50050 | Depths:4 | Found Voraciri's Book Emporium.
 50230 | Depths:4 | Bought the amulet of the Four Winds {rN+ Will+++ Clar} for
                  | 1031 gold pieces
 50230 | Depths:4 | Found the amulet of the Four Winds {rN+ Will+++ Clar}
 50514 | Crypt:1  | Entered Level 1 of the Crypt
 50618 | Crypt:1  | Reached skill level 25 in Shapeshifting
 50813 | Crypt:1  | Noticed Jory
 50815 | Crypt:1  | Noticed Margery
 50825 | Crypt:1  | Killed Jory
 50832 | Crypt:1  | Killed Margery
 51187 | Crypt:1  | Noticed Zenata
 51198 | Crypt:1  | Killed Zenata
 52804 | Crypt:3  | Entered Level 3 of the Crypt
 53113 | Crypt:3  | Found a basalt altar of Yredelemnul.
 53122 | Crypt:3  | Identified the +5 morningstar "Gram" {pain, rElec Str+3}
 53122 | Crypt:3  | Identified the ring "Ynyel Rig" {rC+ rN+ Str+2 Int+3}
 53122 | Crypt:3  | Noticed Boris
 53134 | Crypt:3  | Killed Boris
 53134 | Crypt:3  | Noticed a dread lich
 53147 | Crypt:3  | Killed a dread lich
 53161 | Crypt:3  | Reached XP level 25. HP: 183/183 MP: 23/23
 53268 | Crypt:3  | Found the +6 Majin-Bo {spellvamp, MP+6 Int+6}
 53282 | Crypt:3  | Identified the ring of Zoetetac {Fly rN+ Int+5}
 53282 | Crypt:3  | Identified the ring of Ihocafye {rN+ Str+3}
 53491 | Crypt:3  | Noticed Xtahua
 53501 | Crypt:3  | Killed Xtahua
 53815 | Crypt:3  | Found a staircase to the Tomb.
 54443 | Vaults:5 | Entered Level 5 of the Vaults
 54673 | Vaults:5 | Noticed a dread lich
 54723 | Vaults:4 | Killed a dread lich
 55482 | Vaults:5 | Got a silver rune of Zot
 55505 | Vaults:5 | Identified the staff of the Holding Rat {rPois rF+ SInv
                  | Stlth+ Fire}
 55541 | Vaults:5 | Identified the staff of the Painted God {Fly rN+ Dex-5
                  | Earth}
 55624 | Vaults:5 | Got a rare
 55789 | Vaults:5 | Reached XP level 26. HP: 193/193 MP: 23/23
 56276 | Vaults:5 | Identified the +4 halberd of Ycouj {venom, rElec}
 56343 | Vaults:5 | Noticed a dread lich
 56350 | Vaults:5 | Killed a dread lich
 56528 | Vaults:5 | Identified the +1 spear "Jopsot" {drain, +Blink rElec rPois
                  | Str-4}
 56573 | Vaults:5 | Identified the +0 leather armour of Trumpets {+Inv rN+
                  | rCorr}
 56897 | Zot:1    | Entered Level 1 of the Realm of Zot
 57467 | Zot:1    | Identified the ring of the Leaf {Ice Dex+4}
 57467 | Zot:1    | Noticed Josephina
 57536 | Zot:1    | Killed Josephina
 59323 | Zot:3    | Identified the +0 leather armour of Complete Protection
                  | {Rampage Fly rC+ MP-9}
 59348 | Zot:3    | You fall into a shaft and drop 1 floor!
 59512 | Zot:3    | Reached XP level 27. HP: 205/205 MP: 23/23
 61126 | Zot:4    | Identified the +7 mace of Intense Optimality {vamp, Fragile
                  | rF+ rN++ SInv}
 61330 | Zot:5    | Entered Level 5 of the Realm of Zot
 61647 | Zot:5    | Noticed an ancient lich
 61664 | Zot:5    | Noticed an orb of fire
 61678 | Zot:5    | Killed an ancient lich
 61679 | Zot:5    | Noticed a dread lich
 61730 | Zot:5    | Got the Orb of Zot
 62267 | D:7      | Noticed Tiycvall the pandemonium lord
 62274 | D:7      | Killed Tiycvall the pandemonium lord
 62282 | D:7      | Noticed Gil Qug the pandemonium lord
 62319 | D:7      | Killed Gil Qug the pandemonium lord
 62356 | D:5      | Noticed Boris
 62395 | D:4      | Noticed Peasyi the pandemonium lord
 62502 | D:$      | Escaped with the Orb!

Illustrated notes

Levels and vault maps discovered:
D:1:      dpeg_arrival_ternary, layout_loops_ring, minmay_bisected
D:2:      layout_rooms, basic_ecumenical_altar, minmay_pentomino_s2
D:3:      minmay_chambers_of_twos, layout_basic, ebering_ghost_disaster_area,
          st_stairs_6, minmay_crystal_room, minmay_misc_feat_columns,
          minmay_joined_circles
D:4:      layout_loops_cross, dk_noncrumbling_4, nicolae_shop_self_help
D:5:      layout_layer_cave
D:6:      layout_rooms, eat_drink_and_be_merry_uskayaw, uniq_edmund
D:7:      layout_loops_ring, mainiacjoe_overflow_catwalk, old_standard_altar,
          nemelex_dance_club_becter, minmay_temple_entry_fiery
D:8:      layout_cave_pods, xom_shifter_show, serial_shops, shop
D:9:      layout_cave_pools, mainiacjoe_overflow_catch_the_wave,
          erik_lair_dragon, enter_bailey_3, grunt_ministairs_12
D:10:     layout_small_grid, lemuel_mausoleum_altar_kikubaaqudgha,
          bh_hangedman_babel_library
D:11:     minmay_curly_fans, layout_basic, special_room [special_room_bee],
          pdpol_wu_jian_five_deadly_venoms
D:12:     layout_basic, erik_orc_2, gammafunk_ghost_smash
D:13:     layout_irregular_city, erik_vaults_1, serial_column_ruins,
          column_ruins_open_tiny, column_ruins_corridor_T, column_ruins_grid_3,
          column_ruins_corridor_plus, column_ruins_corridor_straight,
          gammafunk_ghost_crypt, tgw_trog, uniq_snorg
D:14:     layout_cave_pools, nicolae_eternal_life, kennysheep_decorative_pillar,
          uniq_lodul
D:15:     gammafunk_enter_depths_forms, layout_basic, led_sif_pool, hive_lemuel
Temple:   eino_narrow_crystal_temple
Lair:1:   lemuel_slime, layout_long_grid, gammafunk_ghost_grave,
          serial_bayou_shore_b, lemuel_fruit_tree, uniq_erica
Lair:2:   hangedman_what_comes_after_a, layout_gridlike, swamp_mist,
          pdpol_lair_cabin_in_the_woods
Lair:3:   layout_regular_city, minmay_snake_entry_six_corridors, uniq_nergalle
Lair:4:   layout_regular_city, nicolae_slime_entry_field_trip
Lair:5:   minmay_lair_end_frog_pond, layout_regular_city, gammafunk_ghost_hive,
          infiniplex_staircase_pool_2
Swamp:1:  layout_basic_swamp, hangedman_swamp_ruin_hall,
          nicolae_swamp_dense_foliage
Swamp:2:  layout_basic_swamp, evilmike_swamp_ruin_house_5, swamp_pool1,
          nicolae_swamp_thats_no_hydra
Swamp:3:  layout_basic_swamp, lemuel_altar_in_water
Swamp:4:  swamp_old_school, layout_basic_swamp, swamp_pool5
Snake:1:  layout_onion_interference, serial_shops, shop, basic_altar,
          grunt_megastairs_5
Snake:2:  layout_layer_cave
Snake:3:  layout_grid_shapes
Snake:4:  grunt_snake_rune_pools, layout_cave_town, serial_shops, shop,
          nicolae_shop_i_like_big_books, uniq_aizul, uniq_bai_suzhen
Orc:1:    layout_caves, guppyfry_library_mini
Orc:2:    st_orc_town, layout_diamond_mine, serial_shops,
          nicolae_shop_real_fake_doors
Elf:1:    nicolae_elf_arrival_fired_up, layout_gridlike,
          minmay_elf_crystal_heptagon
Elf:2:    nicolae_elf_blades_splatter_lattice [mumra_blade_entry_dagger],
          layout_gridlike, basic_altar, patterned_corridor
Elf:3:    minmay_elf_hall_not_hex, layout_gridlike, serial_shops, shop,
          nicolae_shop_rolled_up, shop, nicolae_shop_gibbet_a_chance,
          st_stairs_13, onia_ninara_cookie, uniq_louise
Vaults:1: gammafunk_ghost_abyssal_escape, nicolae_vaults_twisting_passages,
          nicolae_vaults_ninety_degrees, nicolae_vaults_trapezoid_2,
          ontoclasm_vaults_spin, v_misc_13, vaults_dpeg_hooks,
          hangedman_vaults_slice, nicolae_vaults_swerve, v_misc_26,
          nicolae_vaults_heart-shaped_vault, v_misc_22, layout_vaults_omnibox,
          nicolae_trove_entry_diagonal, uniq_nikola
Vaults:2: ebering_ghost_disaster_area, nicolae_vaults_more_shelving_2,
          nicolae_vaults_mitosis, ontoclasm_vaults_ring_large,
          nicolae_vaults_little_guard_posts, nicolae_vaults_little_squares_5,
          nicolae_vaults_little_squares_4, nicolae_vaults_alarming,
          nicolae_vaults_shelves_hall, dpeg_vaults_monster_box,
          layout_vaults_omnigrid, uniq_boris
Vaults:3: minmay_crypt_entry_simple_walls, vaults_dpeg_ring, vaults_room_fours,
          hangedman_vaults_river_flow, nicolae_vaults_layer_cake_slice,
          nicolae_vaults_door_testing_chamber, vaults_mumra_bighexcomb,
          ontoclasm_vaults_twist, nicolae_vaults_six-pack, vaults_room_octagon,
          nicolae_vaults_hexular_roomagon, v_misc_14,
          grunt_vaults_hallway_short, ontoclasm_vaults_bender,
          layout_vaults_maze_bifur, serial_shops, shop_coins, uniq_mennas
Vaults:4: v_misc_11, ontoclasm_vaults_ring_square,
          nicolae_vaults_hallways_thing, v_alt_pattern_4, v_rooms_1,
          hangedman_vaults_corner_blocks, special_room_vaults
          [special_room_orc], grunt_vaults_funnel, vaults_room_ringed_pool,
          vaults_dpeg_encased_lava, nicolae_vaults_storage_room_doors,
          layout_vaults_ring, serial_shops, nicolae_shop_tiny_waterfront, shop,
          uniq_frederick
Vaults:5: serial_shops
Crypt:1:  layout_catacombs, uniq_zenata, uniq_jory, uniq_margery
Crypt:2:  statuecave_lemuel, layout_gridlike
Crypt:3:  church_of_pain_bobbens, layout_chaotic_city,
          nicolae_tomb_entry_unfolded_pyramid_orthogonal, grunt_ministairs_2,
          lemuel_freeze_loot_1, uniq_xtahua
Depths:1: hourglass_vault, layout_cave_pools, enter_ziggurat_c,
          minmay_room_of_horrors, serial_sigils_hangedman_scratch, hell_entry,
          mu_enter_wizlab_7, zin_purify, uniq_norris
Depths:2: nzn_winding_woodlands_medium [nzn_winding_woodlands_5x5_open_star,
          nzn_winding_woodlands_5x15_zeroes, nzn_winding_woodlands_5x5_three,
          nzn_winding_woodlands_5x5_cross,
          nzn_winding_woodlands_center_diamonds,
          nzn_winding_woodlands_5x5_checkerboard,
          nzn_winding_woodlands_5x5_default,
          nzn_winding_woodlands_5x15_pathside_ponds,
          nzn_winding_woodlands_5x5_perimeter], layout_gridlike, hell_entry,
          rand_demon_pan_entry_3, serial_shops, shop, minmay_misc_feat_doors
Depths:3: minmay_chopped_fan, layout_basic, abyss_entry_glasseish, serial_shops,
          shop, lightli_too_deep, infiniplex_staircase_x
Depths:4: grunt_zot_entry_bicorn, layout_gridlike, hangedman_decor_lopped,
          serial_shops, shop, rand_demon_pan_entry_4, hell_entry,
          kennysheep_random_hallway, uniq_parghit
Zot:1:    layout_twisted_circle, grunt_megastairs_2, uniq_josephina
Zot:2:    kennysheep_blocky_hall, layout_gridville, skrybe_zot_glass_3
Zot:3:    kennysheep_blocky_room, layout_misc_corridors
Zot:4:    kennysheep_ambush_hall, layout_onion_interference
Zot:5:    layout_twisted_circle

Skill      XL: |  1  2  3  4  5  6  7  8  9 10 11 12 13 14 15 16 17 18 19 20 21 22 23 24 25 26 27 |
---------------+----------------------------------------------------------------------------------+-----
Stealth        | 3 7 |  7.7
Unarmed Combat | 4 5 6 8 10 11 12 13 15 16 17 19 20 21 23 | 23.3
Shapeshifting  | 4 5 6 7 8 11 13 16 17 18 20 21 22 23 24 25 | 25.0
Dodging        | 4 7 9 11 12 14 16 17 19 21 22 | 22.2
Fighting       | 2 6 7 10 11 12 13 15 17 18 19 21 23 | 23.6
Evocations     | 2 4 |  4.6
Shields        | 5 12 13 | 13.0

Action                     |  1- 3 |  4- 6 |  7- 9 | 10-12 | 13-15 | 16-18 | 19-21 | 22-24 | 25-27 || total
---------------------------+-------+-------+-------+-------+-------+-------+-------+-------+-------++-------
  Melee: Unarmed           |    56 |   127 |   169 |   518 |   874 |   777 |   893 |  1117 |  1112 ||  5643
         Tentacles         |     8 |    23 |    44 |   143 |   229 |   205 |   245 |   392 |   412 ||  1701
         Constrict         |    14 |    23 |    40 |    89 |   162 |    93 |   146 |   180 |   184 ||   931
         Punch             |     2 |     3 |    11 |    38 |    93 |    97 |   127 |   192 |   256 ||   819
         Maw               |       |       |       |       |   115 |       |       |       |       ||   115
         Tailslap          |       |       |       |       |       |       |       |     6 |       ||     6
         Bite              |       |       |       |       |       |       |       |     5 |       ||     5
  Throw: Dart              |       |    29 |    71 |    48 |    27 |       |       |       |       ||   175
         Throwing net      |       |       |       |     1 |       |       |       |       |       ||     1
 Invoke: Call Merchant     |       |       |       |       |     3 |     2 |     3 |     1 |       ||     9
         Bribe Branch      |       |       |       |       |       |       |       |       |     3 ||     3
Ability: Begin Untransform |       |       |     1 |       |       |       |       |       |       ||     1
  Evoke: Wand              |       |       |       |    10 |    27 |       |     7 |     3 |    14 ||    61
    Use: Potion            |     1 |       |     4 |     4 |     1 |     1 |     6 |     3 |     3 ||    23
         Scroll            |     2 |     6 |    10 |     7 |     9 |     7 |     2 |     7 |     9 ||    59
   Stab: Sleeping          |     3 |    12 |     8 |     4 |    23 |    29 |    25 |    27 |    29 ||   160
         Distracted        |     1 |       |     1 |     5 |    16 |    16 |    26 |    25 |    20 ||   110
         Held in net/web   |       |       |       |     1 |       |       |       |       |       ||     1
 Armour: Skin              |    18 |    38 |    79 |   162 |   272 |   303 |   291 |   382 |   366 ||  1911
  Dodge: Dodged            |    22 |    69 |    76 |   318 |   601 |   733 |   851 |  1039 |  1489 ||  5198
  Block: Kite shield       |       |       |       |       |    19 |   619 |   721 |   921 |  1292 ||  3572
   Form: Beast             |       |       |     1 |       |       |       |       |       |       ||     1
         Maw               |       |       |       |       |     1 |       |       |       |       ||     1
         Statue            |       |       |       |       |     1 |       |       |     1 |       ||     2
         Dragon            |       |       |       |       |       |       |       |     1 |       ||     1

Table legend: (Time is in decaauts)
 A = Elapsed time spent in this place.
 B = Non-inter-level travel time spent in this place.
 C = Inter-level travel time spent in this place.
 D = Time resting spent in this place.
 E = Time spent auto-exploring this place.
 F = Levels seen in this place.
 G = Mean time per level.
                   A        B        C        D        E       F      G
               +--------+--------+--------+--------+--------+-----+--------+
         Total |  80930 |  72940 |   7990 |   8589 |  40766 |  54 | 1498.7 |
       Dungeon |  21408 |  17814 |   3594 |   2459 |  10103 |  15 | 1427.2 |
        Temple |      1 |      1 |      0 |      0 |      0 |   1 |    1.0 |
          Lair |   9635 |   8061 |   1574 |   1112 |   3789 |   5 | 1927.0 |
         Swamp |   3713 |   3511 |    202 |     18 |   2451 |   4 |  928.2 |
     Snake Pit |   6499 |   6249 |    250 |    480 |   3683 |   4 | 1624.8 |
  Orcish Mines |   1928 |   1771 |    157 |    154 |    954 |   2 |  964.0 |
   Elven Halls |   5208 |   5047 |    161 |    694 |   2661 |   3 | 1736.0 |
        Vaults |  11786 |  10960 |    826 |   1480 |   6374 |   5 | 2357.2 |
         Crypt |   5422 |   5150 |    272 |    821 |   2816 |   3 | 1807.3 |
        Depths |   6330 |   5785 |    545 |    124 |   3850 |   4 | 1582.5 |
           Zot |   7294 |   6890 |    404 |   1202 |   3900 |   5 | 1458.8 |
         Abyss |    615 |    615 |      0 |      0 |      0 |   1 |  615.0 |
        Bailey |    335 |    335 |      0 |     32 |      0 |   1 |  335.0 |
        Wizlab |    748 |    748 |      0 |     10 |    183 |   1 |  748.0 |
               +--------+--------+--------+--------+--------+-----+--------+

Top non-repeatable levels by time:
Vaults:4: 3058 daAuts
   Elf:3: 2747 daAuts
     D:5: 2602 daAuts
  Lair:1: 2502 daAuts
Vaults:1: 2399 daAuts
 Snake:4: 2358 daAuts
Vaults:2: 2195 daAuts
     D:9: 2160 daAuts
 Crypt:3: 2151 daAuts
  Lair:5: 2120 daAuts
Vaults:3: 2103 daAuts
   Zot:1: 2035 daAuts
  Lair:2: 2029 daAuts
Vaults:5: 2028 daAuts
 Snake:2: 1999 daAuts
